 Dungeon Crawl Stone Soup version 0.28.0 (webtiles) character file.

Game seed: 13882185408895214664

325 Ablot the Grasshopper (level 6, -3/51 HPs)
             Began as a Gnoll Warper on Feb 17, 2022.
             Was an Initiate of Okawaru.
             Succumbed to a kobold brigand's poison
             ... on level 4 of the Dungeon.
             The game lasted 00:06:03 (3925 turns).

Ablot the Grasshopper (Gnoll Warper)                Turns: 3925, Time: 00:06:03

Health: -3/51      AC:  4    Str: 13    XL:     6   Next: 48%
Magic:  14/14      EV: 13    Int: 12    God:    Okawaru [......]
Gold:   147        SH:  0    Dex: 11    Spells: 13/15 levels left

rFire   . . .      SeeInvis +   a - +0 spear
rCold   . . .      Faith    .   (no shield)
rNeg    . . .      Spirit   .   b - +0 leather armour
rPois   .          Reflect  .   (no helmet)
rElec   .          Harm     .   (no cloak)
rCorr   .          Rampage  .   (no gloves)
Will    .....                   f - +0 pair of boots
Stlth   ++........              (no amulet)
HPRegen 0.17/turn               k - ring of see invisible
MPRegen 0.14/turn               (no ring)

@: lethally poisoned (-3 -> -30), attractive
A: fangs 1, strong nose, distributed training
a: Renounce Religion


You were on level 4 of the Dungeon.
You worshipped Okawaru.
Okawaru was noncommittal.
You visited 1 branch of the dungeon, and saw 4 of its levels.

You collected 147 gold pieces.

Inventory:

Hand Weapons
 a - a +0 spear (weapon)
 y - a +1 hunting sling of flaming
Missiles
 d - 5 boomerangs of dispersal
 h - 6 javelins
 i - 34 arrows
 o - 3 boomerangs
 p - 102 stones
 w - 3 poisoned darts (quivered)
 z - 25 bolts
Armour
 b - a +0 leather armour (worn)
 f - a +0 pair of boots (worn)
Jewellery
 k - a ring of see invisible (left hand)
Wands
 l - a wand of flame (21)
Scrolls
 c - a scroll of blinking
 e - 3 scrolls of teleportation {unknown}
 g - 3 scrolls of magic mapping {unknown}
 j - a scroll of vulnerability {unknown}
 n - 5 scrolls of identify {unknown}
 q - a scroll of enchant armour {unknown}
 r - a scroll of noise {unknown}
 s - a scroll of immolation {unknown}
 v - a scroll of holy word {unknown}
 A - 2 scrolls of brand weapon {unknown}
 B - 2 scrolls of torment {unknown}
Potions
 m - a potion of attraction
 t - a potion of might {unknown}
 u - a potion of berserk rage {unknown}


   Skills:
 + Level 5.0 Fighting
 + Level 2.0 Short Blades
 + Level 2.0 Long Blades
 + Level 2.0 Axes
 + Level 2.0 Maces & Flails
 + Level 5.0 Polearms
 + Level 2.0 Staves
 + Level 2.0 Slings
 + Level 2.0 Bows
 + Level 2.0 Crossbows
 + Level 3.2 Throwing
 + Level 3.2 Armour
 + Level 5.0 Dodging
 + Level 2.0 Stealth
 + Level 2.0 Shields
 + Level 2.0 Unarmed Combat
 + Level 5.4 Spellcasting
 + Level 1.5 Conjurations
 + Level 1.5 Hexes
 + Level 1.5 Summonings
 + Level 1.5 Necromancy
 + Level 5.6 Translocations
 + Level 1.5 Transmutations
 + Level 1.5 Fire Magic
 + Level 1.5 Ice Magic
 + Level 1.5 Air Magic
 + Level 1.5 Earth Magic
 + Level 1.5 Poison Magic
 + Level 2.2 Invocations
 + Level 2.0 Evocations


You had 13 spell levels left.
You knew the following spells:

 Your Spells              Type           Power      Damage    Failure   Level
a - Blink                 Tloc           32%        N/A       3%          2

Your spell library contained the following spells:

 Spells                   Type           Power      Damage    Failure   Level
 Gell's Gravitas          Tloc           16%        N/A       7%          3
 Lesser Beckoning         Tloc           16%        N/A       7%          3
 Teleport Other           Tloc           16%        N/A       7%          3
 Manifold Assault         Tloc           16%        N/A       54%         5


Dungeon Overview and Level Annotations

Branches:
Dungeon (4/15)
 Temple: D:4-7

Altars:
Elyvilon
Okawaru


Innate Abilities, Weirdness & Mutations

You have very sharp teeth.
Your uncanny sense of smell can sniff out nearby items.
Your experience applies equally to all skills.


Message History

You are too injured to fight recklessly!
You are too injured to fight recklessly!
You are too injured to fight recklessly!
You are too injured to fight recklessly!
You are too injured to fight recklessly!
You are too injured to fight recklessly!
You are too injured to fight recklessly!
You are too injured to fight recklessly!
You are too injured to fight recklessly!
You are too injured to fight recklessly!
You barely miss the kobold brigand.
The kobold brigand is lightly wounded.
You feel very sick.
You hit the kobold brigand.
The kobold brigand is moderately wounded.
* * * LOW HITPOINT WARNING * * *
You feel very sick.
The kobold brigand hits you with a +0 short sword of venom.
* * * LOW HITPOINT WARNING * * *
You are more poisoned.
You feel much better.
You feel very sick.
The kobold brigand hits you with a +0 short sword of venom.
You are more poisoned.
Unknown command.
You barely miss the kobold brigand. Your punch misses the kobold brigand.
The kobold brigand is moderately wounded.
* * * LOW HITPOINT WARNING * * *
You feel extremely sick. The kobold brigand misses you.
You hit the kobold brigand.
The kobold brigand is moderately wounded.
* * * LOW HITPOINT WARNING * * *
You feel very sick.
The kobold brigand hits you with a +0 short sword of venom.
* * * LOW HITPOINT WARNING * * *
Unknown command.
It was a potion of attraction.
You feel attractive to monsters.
You die...

##.......#...#
#....###.#.#.###
########..#.......#...##
#.........#.......##.... ###
#...#####.#.......##....
##.. #...# #...#####.##....
...###..##
###..######.##....
#..#...####....#......###.##
#.#.#[##.K@#.##......# #.#
###...#.#..##..##......# #.#
#....##.#. #.#........###.#
####.#.#.....#
....#.......##†#
##....#...#.###..####
###....††# #..####..#..# ##
#...#..### ..#####..#.##
#.###..# ........##.#
#.##....# #.#..##.#..###
##.##.##.#


You could see a kobold brigand.

Vanquished Creatures
  A jelly (D:4)
  A bullfrog skeleton (D:4)
  2 orc priests (D:2)
  Natasha (thrice) (D:2)
  2 gnolls (D:3)
  3 adders (D:3)
  A dart slug (D:1)
  8 orcs
  7 endoplasms
  2 giant cockroaches
  8 goblins
  7 hobgoblins
  5 jackals
  4 quokkas
  6 ball pythons
  5 bats
  2 frilled lizards (D:3)
  5 kobolds
  8 rats
80 creatures vanquished.

Notes
Turn   | Place    | Note
-------+----------+-------------------------------------------
     0 | D:1      | Ablot the Gnoll Warper began the quest for the Orb.
     0 | D:1      | Reached XP level 1. HP: 20/20 MP: 6/6
   185 | D:1      | Noticed a great orb of eyes
   211 | D:1      | Reached XP level 2. HP: 26/26 MP: 7/7
   231 | D:1      | Learned a level 2 spell: Blink
   709 | D:1      | Found a faded altar of an unknown god.
   710 | D:1      | Noticed an eye of devastation
   714 | D:1      | Noticed an eye of devastation
   714 | D:1      | Noticed a floating eye
   972 | D:1      | Reached XP level 3. HP: 31/31 MP: 9/9
  1112 | D:2      | Reached skill level 5 in Spellcasting
  1269 | D:2      | Noticed Natasha
  1283 | D:2      | Killed Natasha
  1284 | D:2      | Reached skill level 1 in Short Blades
  1284 | D:2      | Reached skill level 1 in Long Blades
  1284 | D:2      | Reached skill level 1 in Axes
  1284 | D:2      | Reached skill level 1 in Maces & Flails
  1284 | D:2      | Reached skill level 1 in Staves
  1284 | D:2      | Reached skill level 1 in Slings
  1284 | D:2      | Reached skill level 1 in Bows
  1284 | D:2      | Reached skill level 1 in Crossbows
  1284 | D:2      | Reached skill level 1 in Stealth
  1284 | D:2      | Reached skill level 1 in Shields
  1284 | D:2      | Reached skill level 1 in Unarmed Combat
  1284 | D:2      | Reached skill level 1 in Invocations
  1284 | D:2      | Reached skill level 1 in Evocations
  1284 | D:2      | Reached XP level 4. HP: 18/38 MP: 11/11
  1493 | D:2      | Noticed Natasha
  1505 | D:2      | Killed Natasha
  1640 | D:2      | Noticed Natasha
  1641 | D:2      | Found a white marble altar of Elyvilon.
  1651 | D:2      | Killed Natasha
  1652 | D:2      | Reached skill level 1 in Conjurations
  1652 | D:2      | Reached skill level 1 in Hexes
  1652 | D:2      | Reached skill level 1 in Summonings
  1652 | D:2      | Reached skill level 1 in Necromancy
  1652 | D:2      | Reached skill level 1 in Transmutations
  1652 | D:2      | Reached skill level 1 in Fire Magic
  1652 | D:2      | Reached skill level 1 in Ice Magic
  1652 | D:2      | Reached skill level 1 in Air Magic
  1652 | D:2      | Reached skill level 1 in Earth Magic
  1652 | D:2      | Reached skill level 1 in Poison Magic
  1848 | D:2      | Became a worshipper of Elyvilon the Healer
  1955 | D:2      | Reached XP level 5. HP: 38/43 MP: 12/12
  3389 | D:3      | Reached XP level 6. HP: 42/50 MP: 13/13
  3424 | D:3      | Found an iron altar of Okawaru.
  3432 | D:3      | Fell from the grace of Elyvilon
  3432 | D:3      | Became a worshipper of Warmaster Okawaru
  3796 | D:4      | Reached skill level 5 in Fighting
  3796 | D:4      | Reached skill level 5 in Polearms
  3796 | D:4      | Reached skill level 5 in Dodging
  3925 | D:4      | Succumbed to a kobold brigand's poison

Illustrated notes

Levels and vault maps discovered:
D:1:      minmay_arrival_doors, layout_basic,
          hellmonk_ecumenical_altar_watching_god, st_stairs_3,
          grunt_decor_clamped, chequers_serial_rivers_room_b
D:2:      layout_rooms, basic_altar, uniq_natasha
D:3:      minmay_bubble_buster, layout_rooms, minitemple,
          okawaru_altar_gauntlet_db, kennysheep_another_room,
          grunt_decor_arrowhead, amcnicky_mini_rare_corridor_liquid
D:4:      layout_rooms, serial_shops, shop, hangedman_abyss_or_decor_stagger,
          uniq_eustachio

Skill      XL: |  1  2  3  4  5  6 |
---------------+-------------------+-----
Spellcasting   | 5 |  5.4
Short Blades   | 1 2 |  2.0
Long Blades    | 1 2 |  2.0
Axes           | 1 2 |  2.0
Maces & Flails | 1 2 |  2.0
Staves         | 1 2 |  2.0
Slings         | 1 2 |  2.0
Bows           | 1 2 |  2.0
Crossbows      | 1 2 |  2.0
Stealth        | 1 2 |  2.0
Shields        | 1 2 |  2.0
Unarmed Combat | 1 2 |  2.0
Invocations    | 1 2 |  2.2
Evocations     | 1 2 |  2.0
Conjurations   | 1 |  1.5
Hexes          | 1 |  1.5
Summonings     | 1 |  1.5
Necromancy     | 1 |  1.5
Transmutations | 1 |  1.5
Fire Magic     | 1 |  1.5
Ice Magic      | 1 |  1.5
Air Magic      | 1 |  1.5
Earth Magic    | 1 |  1.5
Poison Magic   | 1 |  1.5
Throwing       | 3 |  3.2
Armour         | 3 |  3.2
Fighting       | 5 |  5.0
Polearms       | 5 |  5.0
Dodging        | 5 |  5.0
Translocations | |  5.6

Action                   |  1- 3 |  4- 6 || total
-------------------------+-------+-------++-------
Melee: Spear             |   144 |   222 ||   366
       Bite              |    12 |    17 ||    29
       Punch             |     2 |     6 ||     8
 Fire: Hunting sling     |       |     3 ||     3
  Use: Potion            |       |     2 ||     2
 Stab: Distracted        |     1 |       ||     1
       Sleeping          |       |     3 ||     3
Armor: Leather armour    |    28 |    34 ||    62
Dodge: Dodged            |    54 |   100 ||   154
